 Dungeon Crawl Stone Soup version 0.23.2-1-ga50397a (webtiles) character file.

Game seed: 17101054756599939706

1536 troglodite the Shield-Bearer (level 8, -2/91 HPs)
             Began as a Demonspawn Fighter on May 14, 2019.
             Killed from afar by Erica (6 damage)
             ... with a bolt of poison
             ... on level 8 of the Dungeon.
             The game lasted 00:14:05 (6057 turns).

troglodite the Shield-Bearer (Demonspawn Fighter)   Turns: 6057, Time: 00:14:06

Health: -2/91      AC: 24    Str: 17    XL:     8   Next: 56%
Magic:  8/8        EV:  2    Int: 10    God:
Gold:   240        SH: 15    Dex: 14    Spells: 7/7 levels left

rFire    . . .     SeeInvis +   a - +0 long sword
rCold    . . .     Gourm    .   h - +0 large shield (curse)
rNeg     + + +     Faith    .   (armour currently unavailable)
rPois    +         Spirit   .   (helmet currently unavailable)
rElec    .         Reflect  .   (cloak currently unavailable)
rCorr    .         Harm     .   (gloves currently unavailable)
MR       .....     NoTele   +   (boots currently unavailable)
Stlth    ++........             g - amulet of magic regeneration
HPRegen  0.25/turn              t - ring of see invisible
MPRegen  0.36/turn              (no ring)

@: lethally poisoned (-2 -> -9), tree-form, slowed, very slow
A: demonic guardian 1
a: no special abilities


You were on level 8 of the Dungeon.
You were hungry.
You were a tree.
You visited 1 branch of the dungeon, and saw 6 of its levels.

You collected 240 gold pieces.

Inventory:

Hand Weapons
 a - a +0 long sword (weapon)
Armour
 h - a cursed +0 large shield (worn)
 y - a +0 chain mail (melded)
 A - a +1 pair of gloves (melded)
Jewellery
 g - an amulet of magic regeneration (around neck)
 t - a ring of see invisible (left branch)
Wands
 b - a wand of acid (9)
Scrolls
 c - 5 scrolls of enchant weapon {unknown}
 e - 13 scrolls of identify {unknown}
 i - 2 scrolls of random uselessness {unknown}
 k - 2 scrolls of magic mapping {unknown}
 l - a scroll of fear {unknown}
 m - 2 scrolls of teleportation {unknown}
 p - 3 scrolls of amnesia {unknown}
 s - a scroll of fog {unknown}
 u - a scroll of remove curse {unknown}
Potions
 d - a potion of might
 j - a potion of cancellation {unknown}
 n - a potion of magic {unknown}
 o - 2 potions of curing {unknown}
 q - a potion of lignification
 r - a potion of flight {unknown}
 v - a potion of heal wounds {unknown}
 w - a potion of berserk rage {unknown}
 x - 2 potions of agility {unknown}
Comestibles
 f - 10 rations
 z - 3 chunks of flesh


   Skills:
 * Level 4.8 Fighting
 * Level 5.0 Long Blades
 * Level 4.7 Armour
 * Level 3.1 Dodging
 + Level 1.0 Stealth
 * Level 6.4 Shields


You had 7 spell levels left.
You didn't know any spells.
Your spell library contained the following spells:

 Spells                   Type           Power        Failure   Level  Hunger
 Shock                    Conj/Air       #...         99%         1    ##.....
 Swiftness                Chrm/Air       #.......     99%         2    ###....
 Static Discharge         Conj/Air       #.......     100%        3    ####...
 Airstrike                Air            #.........   100%        4    #####..
 Lightning Bolt           Conj/Air       #.........   100%        5    ######.


Dungeon Overview and Level Annotations

Branches:
Dungeon (5/15)
 Temple: D:4-7

Altars:
Okawaru
Qazlal
Ru
Sif Muna
Trog
Uskayaw
Wu Jian

Annotations:
D:8 Erica


Innate Abilities, Weirdness & Mutations

((You have sharp toenails.))
((You are partially covered in large bone plates. (SH +4)))
A weak demonic guardian rushes to your aid.


Message History

You cannot move. (Use ctrl+direction or * direction to attack without moving.)
You cannot move. (Use ctrl+direction or * direction to attack without moving.)
You closely miss Erica.
Erica is heavily wounded.
Erica hits you but does no damage. Erica completely misses you.
You cannot move. (Use ctrl+direction or * direction to attack without moving.)
You swing at nothing.
Erica hits you with a +2 scimitar of flaming.
* * * LOW HITPOINT WARNING * * *
Erica burns you.
* * * LOW HITPOINT WARNING * * *
Something barely misses your shadow imp.
You barely miss Erica.
Erica is heavily wounded.
You feel less confused.
Erica points at you and mumbles some strange words.
The bolt of poison hits you.
You are lethally poisoned!
You resist.
You die...

#5# #.# ####.#
#....###########
..#(...........#
....##########.#
.#.## #.# #.#
#5#####.# #.#
#..♣@...# ..#
######### .### #


You could see Erica (invisible) and a friendly shadow imp.

Vanquished Creatures
  Edmund (D:4)
  An ogre (D:4)
  A bullfrog (D:8)
  A crimson imp (D:8)
  2 hounds (D:4)
  An orc priest (D:8)
  An orc wizard (D:4)
  4 worker ants
  A gnoll (D:1)
  7 adders
  An ooze (D:4)
  An adder skeleton (D:4)
  3 worms
  2 dart slugs
  A leopard gecko (D:1)
  9 orcs
  6 bats
  7 giant cockroaches
  5 goblins
  5 hobgoblins
  10 jackals
  5 kobolds
  3 quokkas
  4 frilled lizards
  A giant cockroach zombie (D:5)
  A quokka skeleton (D:5)
  7 rats
91 creatures vanquished.

Vanquished Creatures (collateral kills)
  Pikel (D:8)
  Grinder (D:3)
  Eustachio (D:4)
  A wyvern (D:8)
  An ogre (D:4)
  A hound (D:8)
  An iguana (D:8)
  An orc wizard (D:8)
  A shadow imp (D:8)
  A frilled lizard (D:4)
10 creatures vanquished.

Vanquished Creatures (others)
  An orc wizard (D:8)
  4 orcs (D:8)
5 creatures vanquished.

Grand Total: 106 creatures vanquished

Notes
Turn   | Place    | Note
-------+----------+-------------------------------------------
     0 | D:1      | troglodite the Demonspawn Fighter began the quest for the
                  | Orb.
     0 | D:1      | Reached XP level 1. HP: 18/18 MP: 1/1
    49 | D:1      | Gained mutation: You are partially covered in large bone
                  | plates. (SH +4) [demonic ancestry]
    49 | D:1      | Reached XP level 2. HP: 24/24 MP: 2/2
    76 | D:1      | Reached skill level 3 in Shields
   411 | D:1      | Gained mutation: A weak demonic guardian rushes to your
                  | aid. [demonic ancestry]
   411 | D:1      | Reached XP level 3. HP: 26/29 MP: 3/3
   743 | D:1      | You fall through a shaft!
  1415 | D:2      | Gained mutation: You have sharp toenails. [demonic
                  | ancestry]
  1415 | D:2      | Reached XP level 4. HP: 20/35 MP: 4/4
  2517 | D:3      | Reached skill level 1 in Dodging
  2550 | D:3      | Found a hide-covered altar of Uskayaw.
  2552 | D:3      | Noticed a +0 hand axe
  2552 | D:3      | Noticed a +0 dagger
  3084 | D:3      | Found a bloodstained altar of Trog.
  3122 | D:3      | Noticed Grinder
  3136 | D:3      | Paralysed by Grinder for 7 turns
  3156 | D:3      | Killed Grinder
  3156 | D:3      | Reached skill level 4 in Shields
  3156 | D:3      | Reached XP level 5. HP: 16/41 MP: 5/5
  3156 | D:3      | Reached XP level 6. HP: 19/47 MP: 6/6
  3630 | D:4      | Noticed Edmund
  3637 | D:4      | Killed Edmund
  3878 | D:4      | Reached skill level 5 in Shields
  3913 | D:4      | Reached XP level 7. HP: 54/54 MP: 7/7
  4091 | D:4      | Noticed Eustachio
  4102 | D:4      | Killed Eustachio
  4364 | D:4      | Found an ornate altar of the Wu Jian Council.
  4423 | D:4      | Found an iron altar of Okawaru.
  4470 | D:4      | Found a deep blue altar of Sif Muna.
  4770 | D:5      | Entered Level 5 of the Dungeon
  4981 | D:5      | Found a stormy altar of Qazlal.
  5017 | D:5      | Found a sacrificial altar of Ru.
  5793 | D:5      | You fall through a shaft for 3 floors!
  5800 | D:8      | Noticed a wyvern
  5805 | D:8      | Killed a wyvern
  5924 | D:8      | Noticed Pikel
  5947 | D:8      | Killed Pikel
  5947 | D:8      | Reached skill level 1 in Stealth
  5947 | D:8      | Reached skill level 6 in Shields
  5947 | D:8      | Reached XP level 8. HP: 55/61 MP: 8/8
  5967 | D:8      | Reached skill level 5 in Long Blades
  5992 | D:8      | Noticed a gargoyle
  6045 | D:8      | Noticed Erica
  6056 | D:8      | HP: 4/91 [Erica/+2 scimitar of flaming (1)]
  6057 | D:8      | Killed from afar by Erica

Skill      XL: |  1  2  3  4  5  6  7  8 |
---------------+-------------------------+-----
Long Blades    | 2 3 4 5 |  5.0
Shields        | 3 4 5 6 |  6.4
Armour         | 3 4 |  4.7
Dodging        | 1 3 |  3.1
Fighting       | 4 |  4.8
Stealth        | 1 |  1.0

Action                   |  1- 3 |  4- 6 |  7- 9 || total
-------------------------+-------+-------+-------++-------
Melee: Long sword        |   167 |   163 |   135 ||   465
       Kick              |       |    51 |    46 ||    97
  Use: Potion            |       |       |     1 ||     1
 Stab: Distracted        |       |     1 |     1 ||     2
  Eat: Chunk             |     2 |     6 |     5 ||    13
       Ration            |       |     1 |       ||     1
Armor: Scale mail        |    59 |    40 |    14 ||   113
       Chain mail        |       |       |    20 ||    20
       Skin              |       |       |     1 ||     1
Dodge: Dodged            |    30 |    20 |    16 ||    66
Block: Shield            |     5 |       |       ||     5
       Large shield      |   150 |   178 |   121 ||   449
       Rpst.: Long sword |    12 |     5 |     8 ||    25
